 Dungeon Crawl Stone Soup version 0.30-a0-719-gcc4359ea44 (webtiles) character file.

Game seed: 8436602642774776437

16 M4edhros the Insei (level 2, -1/27 HPs)
             Began as an Octopode Transmuter on Jan 26, 2023.
             Slain by Jessica
             ... wielding a +4 club
              (3 damage)
             ... on level 2 of the Dungeon.
             The game lasted 00:00:27 (406 turns).

M4edhros the Insei (Octopode Transmuter)             Turns: 406, Time: 00:00:27

Health: -1/27      AC: 21    Str:  9    XL:     2   Next: 54%
Magic:  5/5        EV:  2    Int: 15    God:
Gold:   58         SH:  0    Dex: 12    Spells: 4/5 levels left

rFire   . . .      SeeInvis .      - Unarmed
rCold   . . .      Faith    .    (no shield)
rNeg    . . .      Spirit   .    (helmet currently unavailable)
rPois   +          Reflect  .    (no amulet)
rElec   .          Harm     .    (no ring)
rCorr   .          Rampage  .    (no ring)
Will    .....      NoTele   +    (no ring)
Stlth   +                        (no ring)
HPRegen 0.24/turn                (no ring)
MPRegen 0.09/turn                (no ring)
                                 (no ring)
                                 (no ring)

@: tree-form, slowed, very slow
A: stationary, stasis, torment immunity, boosted hp, almost no armour,
(amphibious), 8 rings, (camouflage 1), (gelatinous body 1), (nimble swimmer 1),
(tentacles)
a: no special abilities


You were on level 2 of the Dungeon.
You were a tree.
You visited 1 branch of the dungeon, and saw 2 of its levels.

You collected 58 gold pieces.

Inventory:

Scrolls
 c - a scroll of amnesia {unknown}
Potions
 b - a potion of curing {unknown}


   Skills:
 + Level 1.4 Fighting
 + Level 2.2 Dodging
 * Level 3.4 Unarmed Combat
 - Level 2.0 Spellcasting
 - Level 2.0 Transmutations


You had 4 spell levels left.
You knew the following spells:

 Your Spells              Type           Power      Damage    Failure   Level
a - Beastly Appendage     Tmut           14%        N/A       10%         1

Your spell library contained the following spells:

 Spells                   Type           Power      Damage    Failure   Level
 Wereblood                Tmut           7%         N/A       14%         2
 Spider Form              Tmut/Pois      4%         N/A       41%         3
 Ice Form                 Ice/Tmut       4%         N/A       82%         4


Dungeon Overview and Level Annotations

Branches:
Dungeon (2/15)

Altars:

Annotations:
D:2 Jessica


Innate Abilities, Weirdness & Mutations

You are a tree.
Your roots penetrate the ground, keeping you stationary.
You cannot be teleported.
You are immune to unholy pain and torment.
Your maximum health is greatly increased.
You cannot wear most types of armour.
((You are amphibious.))
You can wear up to eight rings at the same time.
((Your skin changes colour to match your surroundings (Stealth+).))
((Your rubbery body absorbs attacks. (AC +1, EV +1)))
((You are camouflaged when in or above water. (Stealth+)))
((You have tentacles for arms and can constrict up to eight enemies at once.))


Message History

Jessica shouts!
The ball python hisses angrily.
Jessica says, "Why did you come here?"
Jessica mumbles some strange words.
Jessica blinks!
You hear an angry hiss.
You see here a +0 scale mail.
Found a dagger.
A ball python comes into view.
Jessica points at you and mumbles some strange words.
You feel yourself slow down. The ball python misses you.
The ball python closely misses you.
You tentacle-slap the ball python.
You kill the ball python!
Jessica gestures at you while chanting. You resist with some effort.
The ball python completely misses you. The ball python barely misses you.
You see here a ball python corpse.
You tentacle-slap the ball python. Your grab misses the ball python.
The ball python is moderately wounded.
The ball python bites you. The ball python grabs you.
The ball python constricts you.
You barely miss the ball python. You grab the ball python.
The ball python is moderately wounded.
You constrict the ball python. The ball python barely misses you.
The ball python constricts you.
The ball python bites you but does no damage.
The ball python constricts you.
You closely miss Jessica. You grab Jessica.
Your tentacle-slap misses Jessica.
You constrict Jessica. You constrict the ball python.
You kill the ball python!
Jessica hits you with a +4 club.
You tentacle-slap Jessica but do no damage.
Jessica is lightly wounded.
You constrict Jessica. Jessica hits you with a +4 club!
* * * LOW HITPOINT WARNING * * *
Jessica misses you.
Really quaff the potion of lignification?
You turn into a tree.
Your roots penetrate the ground.
You lose your grip on Jessica.
Jessica hits you with a +4 club.
You die...

#. ## ## #.
) .. . . .
.#.# @
.#.#.## #.
#.....#
#.##..#..##.
#...†.......
#..@♣...#
##.#.##.#
#.#[# #.#.#
#.#.##.#
#<.....#
###.####
.... .#!.#.#


You could see Jessica.

Vanquished Creatures
  An endoplasm (D:1)
  A giant cockroach (D:1)
  3 goblins (D:1)
  A hobgoblin (D:2)
  2 ball pythons (D:2)
  2 bats (D:1)
  2 kobolds (D:1)
  3 rats (D:1)
15 creatures vanquished.

Notes
Turn   | Place    | Note
-------+----------+-------------------------------------------
     0 | D:1      | M4edhros the Octopode Transmuter began the quest for the
                  | Orb.
     0 | D:1      | Reached XP level 1. HP: 13/13 MP: 3/3
   168 | D:1      | Reached XP level 2. HP: 16/18 MP: 5/5
   396 | D:2      | Noticed Jessica
   406 | D:2      | Slain by Jessica

Illustrated notes

Levels and vault maps discovered:
D:1:      wander_arrival_estate, layout_loops_ring, serial_shops,
          nicolae_shop_window_shopping
D:2:      layout_loops_cross, uniq_jessica

Action                     || total
---------------------------++-------
  Melee: Unarmed           ||    32
         Constrict         ||     9
         Tentacles         ||     5
    Use: Potion            ||     1
 Armour: Skin              ||     2
  Dodge: Dodged            ||    25

Table legend: (Time is in decaauts)
 A = Elapsed time spent in this place.
 B = Non-inter-level travel time spent in this place.
 C = Inter-level travel time spent in this place.
 D = Time resting spent in this place.
 E = Time spent auto-exploring this place.
 F = Levels seen in this place.
 G = Mean time per level.
                   A        B        C        D        E       F      G
               +--------+--------+--------+--------+--------+-----+--------+
         Total |    406 |    406 |      0 |      0 |    288 |   2 |  203.0 |
       Dungeon |    406 |    406 |      0 |      0 |    288 |   2 |  203.0 |
               +--------+--------+--------+--------+--------+-----+--------+

Top non-repeatable levels by time:
     D:1: 385 daAuts
     D:2: 20 daAuts
